 Dungeon Crawl Stone Soup version 0.21.1-1-g345015f (webtiles) character file.

39 nightchill the Sneak (level 3, -1/19 HPs)
             Began as a Kobold Enchanter on Apr 19, 2018.
             Slain by Natasha (2 damage)
             ... on level 2 of the Dungeon.
             The game lasted 00:06:30 (1997 turns).

nightchill the Sneak (Kobold Enchanter)             Turns: 1997, Time: 00:06:31

Health: -1/19      AC:  2    Str:  5 (6)  XL:     3   Next: 70%
Magic:  0/6        EV: 15    Int: 14 (16) God:
Gold:   63         SH:  0    Dex: 13 (15) Spells: 0/6 levels left

rFire    . . .     SeeInvis .   a - +1 dagger
rCold    . . .     Gourm    .   (shield restricted)
rNeg     . . .     Faith    .   b - +0 robe
rPois    .         Spirit   .   (no helmet)
rElec    .         Reflect  .   (no cloak)
rCorr    .         Harm     .   (no gloves)
MR       .....                  (no boots)
Stlth    +++.......             (no amulet)
HPRegen  0.06/turn              (no ring)
MPRegen  0.10/turn              (no ring)

@: slowed, very slow
A: small, carnivore
a: no special abilities


You were on level 2 of the Dungeon.
You were very full.

You visited 1 branch of the dungeon, and saw 2 of its levels.

You collected 63 gold pieces.

Inventory:

Hand Weapons
 a - a +1 dagger (weapon)
 e - a +0 hunting sling
Missiles
 f - 178 stones (quivered)
Armour
 b - a +0 robe (worn)
 i - a +0 leather armour
Jewellery
 m - an uncursed amulet of magic regeneration {unknown}
Scrolls
 g - 3 scrolls of teleportation {unknown}
 h - a scroll of identify {unknown}
 l - a scroll of remove curse {unknown}
 n - a scroll of noise {unknown}
 p - a scroll of immolation {unknown}
Books
 c - a book of Maledictions

   Spells                             Type                      Level
   a - Corona                         Hexes                        1
   b - Ensorcelled Hibernation        Hexes/Ice                    2
   c - Confuse                        Hexes                        3
   d - Tukima's Dance                 Hexes                        3
   e - Dazzling Spray                 Conjuration/Hexes            3
Comestibles
 d - 4 rations
 q - a chunk of flesh


   Skills:
 + Level 2.7 Short Blades
 - Level 2.4 Dodging
 + Level 4.8 Stealth
 - Level 2.1 Spellcasting
 + Level 3.5 Hexes


You couldn't memorise any spells.
You knew the following spells:

 Your Spells              Type           Power        Failure   Level  Hunger
a - Corona                Hex            ##.....      5%          1    #......
b - Ensorcelled Hibernat  Hex/Ice        #.....       17%         2    ###....
c - Confuse               Hex            ##......     16%         3    ###....


Dungeon Overview and Level Annotations

Branches:
Dungeon (2/15)

Altars:
Gozag

Annotations:
D:2 Natasha, Sigmund


Innate Abilities, Weirdness & Mutations

You are small and have problems with some larger weapons.
You are carnivorous and can eat meat at any time.


Message History

The crimson imp blinks!
Natasha drinks a potion.
Natasha is healed!
Casting: Confuse
Confirm with . or Enter, or press ? or * to list all spells.
Aiming: Confuse
Press: ? - help, Shift-Dir - straight line, f/p - Natasha
Aim: Natasha (lightly wounded, chance to defeat MR: 42%) Natasha resists with some effort.
The crimson imp hits you.
Natasha wildly gestures.
Natasha shimmers violently.
Natasha claws you.
* * * LOW HITPOINT WARNING * * *
The crimson imp misses you.
Natasha casts a spell.
You closely miss Natasha.
Natasha is lightly wounded.
The crimson imp misses you. Natasha barely misses you.
You hit Natasha but do no damage.
Natasha is lightly wounded.
The crimson imp barely misses you. Natasha claws you.
You die...

##.##### .......# .#.###.#
#####
...###.####...###############
.................#..........#
...###........##.#..........#
....##.........#.#..........#
.....#........<#5#..........#
..#+##.........#@#..........#
...............#h#..........#
.<........####.#5.......#.###
..........# .#........#.#
..........# #........# .
###........ ...#....##### #
........... .....>..#####
....####.## ###.........#
..........# #.........#


You could see Natasha and 2 crimson imps.

Vanquished Creatures
  2 oozes
  A dart slug (D:1)
  A giant cockroach (D:1)
  3 goblins
  4 hobgoblins
  4 jackals (D:1)
  3 kobolds (D:1)
  4 bats
  2 frilled lizards (D:2)
  5 rats
29 creatures vanquished.

Notes
Turn   | Place    | Note
-------+----------+-------------------------------------------
     0 | D:1      | nightchill the Kobold Enchanter began the quest for the Orb.
     0 | D:1      | Reached XP level 1. HP: 10/10 MP: 3/3
   111 | D:1      | Reached XP level 2. HP: 15/15 MP: 5/5
   188 | D:1      | Learned a level 2 spell: Ensorcelled Hibernation
   815 | D:1      | Reached XP level 3. HP: 19/19 MP: 6/6
  1159 | D:1      | Learned a level 3 spell: Confuse
  1497 | D:2      | Found an opulent altar of Gozag.
  1961 | D:2      | Noticed Sigmund
  1963 | D:2      | Noticed Natasha
  1997 | D:2      | Slain by Natasha

Skill      XL: |  1  2 |
---------------+-------+-----
Short Blades   | 2 |  2.7
Dodging        | |  2.4
Stealth        | |  4.8
Spellcasting   | |  2.1
Hexes          | |  3.5

Action                   || total
-------------------------++-------
Melee: Dagger            ||   143
 Cast: Ensorcelled Hiber ||    18
       Confuse           ||     6
  Use: Potion            ||     4
 Stab: Sleeping          ||    13
       Confused          ||     1
  Eat: Chunk             ||    13
Armor: Robe              ||    23
Dodge: Dodged            ||   140
